 Dungeon Crawl Stone Soup version 0.26-a0-64-g059e62fbdb (webtiles) character file.

Game seed: 1465104738333971873

84 Flubber the Shield-Bearer (level 4, -4/40 HPs)
             Began as a Minotaur Fighter on June 10, 2020.
             Slain by an ogre
             ... wielding a +0 giant club
              (22 damage)
             ... on level 2 of the Dungeon.
             The game lasted 00:02:45 (1760 turns).

Flubber the Shield-Bearer (Minotaur Fighter)        Turns: 1760, Time: 00:02:45

Health: -4/40      AC:  3    Str: 21    XL:     4   Next: 24%
Magic:  3/3        EV: 11    Int:  5    God:
Gold:   49         SH:  0    Dex: 10    Spells: 3/3 levels left

rFire    . . .     SeeInvis .   g - +0 mace
rCold    . . .     Gourm    .   (no shield)
rNeg     . . .     Faith    .   m - +0 leather armour
rPois    .         Spirit   .   (helmet restricted)
rElec    .         Reflect  .   (no cloak)
rCorr    .         Harm     .   (no gloves)
MR       .....                  (no boots)
Stlth    +.........             (no amulet)
HPRegen  0.13/turn              (no ring)
MPRegen  0.08/turn              (no ring)

@: no status effects
A: retaliatory headbutt, horns 2
a: no special abilities


You were on level 2 of the Dungeon.
You were not hungry.

You visited 1 branch of the dungeon, and saw 2 of its levels.

You collected 49 gold pieces.

Inventory:

Hand Weapons
 a - a +0 flail
 g - a +0 mace (weapon)
Armour
 b - a +0 scale mail
 c - a +0 kite shield
 i - a +0 ring mail
 m - a +0 leather armour (worn)
Scrolls
 h - a scroll of noise {unknown}
 j - a scroll of random uselessness {unknown}
 l - a scroll of teleportation {unknown}
 n - a scroll of fear {unknown}
 p - a scroll of immolation {unknown}
Potions
 k - a potion of stabbing {unknown}
 o - a potion of ambrosia {unknown}
Comestibles
 d - 7 chunks of flesh
 f - 5 rations


   Skills:
 + Level 4.2 Fighting
 * Level 3.9 Maces & Flails
 + Level 4.2 Armour
 + Level 4.2 Shields


You had 3 spell levels left.
You didn't know any spells.
Your spell library was empty.

Dungeon Overview and Level Annotations

Branches:
Dungeon (2/15)

Altars:


Innate Abilities, Weirdness & Mutations

You reflexively headbutt those who attack you in melee.
You have a pair of horns on your head.


Message History

This raw flesh tastes terrible.
An ogre comes into view. It is wielding a +0 giant club.
The ogre shouts!
You hear a shout!
A kobold comes into view. It is wielding a +0 short sword.
A frilled lizard comes into view.
The frilled lizard hisses angrily.
The ogre hits you with a +0 giant club!!
Ouch! That really hurt!
You are too injured to fight recklessly!
The ogre closely misses you.
It was a potion of cancellation.
You feel magically purged. The ogre hits you with a +0 giant club.
You hit the ogre.
The ogre is lightly wounded.
The ogre barely misses you.
You hit the ogre.
The ogre is lightly wounded.
The ogre hits you with a +0 giant club!!
Ouch! That really hurt!
You die...

#..........##................
#...#.##.#.##................
+...#.##.#................##.
###.#.##.......##...........
#.#.######..........##..
#.........l...#..#..# .
#.#.###.##K####......# ...#.#
#.##O####..#.#.# .#######.#
#.##@......#...# .........#
#.##.##.#..# #. .#######.#
#.##.##.# ##.###.##....#
#...รท.....####
##.###.........# #.#
####.###### #.# ### #.#


You could see an ogre, a kobold and a frilled lizard.

Vanquished Creatures
  3 adders (D:2)
  An ooze (D:2)
  A worm (D:2)
  2 dart slugs (D:1)
  5 bats (D:1)
  2 giant cockroaches (D:1)
  3 goblins (D:1)
  5 hobgoblins
  7 jackals
  4 kobolds
  A quokka (D:2)
  3 frilled lizards
  6 rats
43 creatures vanquished.

Notes
Turn   | Place    | Note
-------+----------+-------------------------------------------
     0 | D:1      | Flubber the Minotaur Fighter began the quest for the Orb.
     0 | D:1      | Reached XP level 1. HP: 19/19 MP: 0/0
   219 | D:1      | Reached XP level 2. HP: 27/27 MP: 1/1
   731 | D:1      | Reached XP level 3. HP: 30/33 MP: 2/2
  1324 | D:2      | Found a faded altar of an unknown god.
  1564 | D:2      | Reached XP level 4. HP: 33/40 MP: 3/3
  1744 | D:2      | Noticed an ogre
  1760 | D:2      | Slain by an ogre

Illustrated notes

Levels and vault maps discovered:
D:1:      nagdon_arrival_double_spiral, layout_loops_ring, bh_walls_and_bars
D:2:      layout_basic, zin_angel, first_ration,
          chequers_ecumenical_altar_grove, minmay_split_cup_small

Skill      XL: |  1  2  3 |
---------------+----------+-----
Maces & Flails | 3 |  3.9
Shields        | 4 |  4.2
Fighting       | 4 |  4.2
Armour         | 4 |  4.2

Action                   |  1- 3 |  4- 6 || total
-------------------------+-------+-------++-------
Melee: Flail             |    55 |       ||    55
       Headbutt          |    12 |     3 ||    15
       Mace              |    14 |    17 ||    31
  Use: Potion            |     1 |     1 ||     2
  Eat: Chunk             |     2 |     1 ||     3
Armor: Scale mail        |     3 |       ||     3
       Ring mail         |     7 |       ||     7
       Leather armour    |    10 |     3 ||    13
Dodge: Dodged            |    52 |     9 ||    61
Block: Kite shield       |     1 |       ||     1

Table legend:
 A = Non-vault XP
 B = Vault XP
 C = Vault XP percentage of total XP
 D = Non-vault monster count
 E = Vault monster count
 F = Vault count percentage of total count
                 A         B        C        D         E       F
            +---------+---------+-------+---------+---------+-------
      Total |     121 |       0 |   0.0 |      43 |       0 |   0.0
            +---------+---------+-------+---------+---------+-------
        D:1 |      49 |       0 |   0.0 |      26 |       0 |   0.0
        D:2 |      72 |       0 |   0.0 |      17 |       0 |   0.0
            +---------+---------+-------+---------+---------+-------
